 Dungeon Crawl Stone Soup version 0.26.1-10-gdfb7c7de75 (webtiles) character file.

Game seed: 5131441898994986387

2325 septik the Grappler (level 9, -9/93 HPs)
             Began as a Troll Warper on Apr 1, 2021.
             Mangled by a two-headed ogre
             ... wielding a +0 giant spiked club
              (12 damage)
             ... on level 8 of the Dungeon.
             The game lasted 00:15:24 (4737 turns).

septik the Grappler (Troll Warper)                  Turns: 4737, Time: 00:15:24

Health: -9/93      AC:  8    Str: 24    XL:     9   Next: 19%
Magic:  10/10      EV: 10    Int:  9    God:
Gold:   302        SH:  0    Dex:  9    Spells: 10/10 levels left

rFire    . . .     SeeInvis .     - Unarmed
rCold    . . .     Faith    .   (no shield)
rNeg     . . .     Spirit   .   a - +0 robe
rPois    .         Reflect  .   v - +2 hat
rElec    .         Harm     .   (no cloak)
rCorr    .         Rampage  .   (gloves unavailable)
Will     .....                  (boots unavailable)
Stlth    +.........             (no amulet)
HPRegen  0.65/turn              (no ring)
MPRegen  0.12/turn              (no ring)

@: no status effects
A: large, unfitting armour, claws 3, regeneration 1, shaggy fur 1, tough skin 3
a: no special abilities


You were on level 8 of the Dungeon.
You visited 1 branch of the dungeon, and saw 9 of its levels.
You also visited: Ossuary.

You collected 302 gold pieces.

Inventory:

Hand Weapons
 i - a +0 hunting sling
 u - a cursed +0 hunting sling
Missiles
 d - 3 boomerangs of dispersal
 e - 167 stones
 r - 22 poisoned darts
 y - 3 boomerangs (quivered)
Armour
 a - a +0 robe (worn)
 v - a +2 hat (worn)
Jewellery
 h - an uncursed ring of wizardry
 A - the amulet "Ystretemu" {Regen+ Int+7 SInv, unknown}
   (You found it on level 5 of the Dungeon)

   [amulet of regeneration]

   It affects your intelligence (+7).
   It lets you see invisible.
   It increases your rate of regeneration.
Wands
 x - a wand of iceblast (10)
Scrolls
 c - 3 scrolls of blinking
 k - 7 scrolls of teleportation
 m - 2 scrolls of remove curse
 n - a scroll of fog
 p - a scroll of enchant armour {unknown}
 s - 3 scrolls of fear {unknown}
 t - 2 scrolls of identify
Potions
 b - 3 potions of haste {unknown}
 f - 9 potions of curing
 g - a potion of attraction {unknown}
 j - 2 potions of heal wounds {unknown}
 l - 2 potions of berserk rage {unknown}
 o - 2 potions of lignification {unknown}
 q - a potion of flight {unknown}
 w - 3 potions of might {unknown}
 z - 3 potions of invisibility
 B - a potion of degeneration {unknown}


   Skills:
 + Level 7.3 Fighting
 - Level 0.8 Throwing
 - Level 2.3 Dodging
 + Level 8.8 Unarmed Combat
 - Level 1.4 Spellcasting
 - Level 2.2 Translocations


You had 10 spell levels left.
You didn't know any spells.
Your spell library contained the following spells:

 Spells                   Type           Power        Failure   Level
 Blink                    Tloc           N/A          22%         2
 Freeze                   Ice            0%           34%         1
 Magic Dart               Conj           0%           34%         1
 Gell's Gravitas          Tloc           2%           41%         3
 Lesser Beckoning         Tloc           2%           41%         3
 Teleport Other           Tloc           4%           41%         3
 Searing Ray              Conj           0%           47%         2
 Dazzling Flash           Conj/Hex       0%           71%         3
 Frozen Ramparts          Ice            0%           71%         3
 Ozocubu's Armour         Ice            0%           71%         3
 Passage of Golubria      Tloc           N/A          82%         4
 Iskenderun's Mystic Bla  Conj/Tloc      2%           92%         4
 Fulminant Prism          Conj/Hex       0%           98%         4
 Hailstorm                Conj/Ice       0%           98%         4
 Summon Ice Beast         Ice/Summ       0%           98%         4


Dungeon Overview and Level Annotations

Branches:
Dungeon (10/15)            Temple (0/1) D:6         Ossuary (visited)
   Lair: D:8-11         Orc: D:9-12

Altars:
Sif Muna
Vehumet

Annotations:
D:5 2 transporters, nightchill's ghost, novice MfGl


Innate Abilities, Weirdness & Mutations

You are too large for most types of armour.
You have claws for hands.
Your natural rate of healing is unusually fast.
You are covered in fur. (AC +1)
You have extremely tough skin. (AC +3)


Message History

Things that are here:
a +0 chain mail; a +0 club; an orc corpse You scratch the two-headed ogre.
The two-headed ogre is lightly wounded.
The two-headed ogre hits you with a +0 giant spiked club!
The two-headed ogre hits you with a +0 giant club!!
You barely miss the two-headed ogre.
The two-headed ogre is lightly wounded.
You scratch the two-headed ogre. You claw the two-headed ogre.
The two-headed ogre is moderately wounded.
The two-headed ogre hits you with a +0 giant spiked club!!
* * * LOW HITPOINT WARNING * * *
The two-headed ogre hits you with a +0 giant club!!
* * * LOW HITPOINT WARNING * * *
You are too injured to fight recklessly!
You scratch the two-headed ogre.
The two-headed ogre is moderately wounded.
The two-headed ogre barely misses you.
The two-headed ogre hits you with a +0 giant club!
You die...

.###............
................
.......!........
#............##
#.............######. ...
##...............)...
.....##.....rO........>..##
..............@......../....
.............[##............
............[[# #...(.......
..............# ##.....$#
..........).>.# #.####.#
...........)..# ####O#....###
.<......[.)†..#.#....#.##...#
#........)...........#.#...Z###
#.............##........._O.r.S


You could see a two-headed ogre and a quokka.

Vanquished Creatures
  Edmund (D:4)
  3 sky beasts
  An ice beast (D:5)
  4 ogres
  A necrophage (D:4)
  2 wolves (D:8)
  A centaur (D:5)
  2 elf zombies (Ossuary)
  A bullfrog (D:8)
  2 scorpions
  2 howler monkeys (D:5)
  A centaur zombie (D:8)
  2 human zombies (Ossuary)
  A centaur skeleton (D:4)
  A hound (D:8)
  A jelly (D:8)
  An orc priest (D:5)
  A bullfrog skeleton (D:8)
  3 orc wizards
  Natasha (thrice) (D:2)
  An iguana (D:4)
  3 worker ants
  A big kobold zombie (Ossuary)
  2 mummies (Ossuary)
  2 worker ant zombies
  6 adders
  3 oozes (D:3)
  4 adder skeletons
  An adder zombie (Ossuary)
  5 worms
  4 dart slugs (D:1)
  4 leopard geckos
  18 orcs
  8 giant cockroaches
  9 goblins
  10 hobgoblins
  8 jackals
  A quokka (D:8)
  A ball python (D:1)
  10 bats
  4 frilled lizards
  8 hobgoblin zombies (Ossuary)
  A jackal zombie (Ossuary)
  8 kobolds
  15 kobold zombies (Ossuary)
  A leopard gecko skeleton (D:8)
  A leopard gecko zombie (D:5)
  7 orc zombies (Ossuary)
  9 rats
189 creatures vanquished.

Notes
Turn   | Place    | Note
-------+----------+-------------------------------------------
     0 | D:1      | septik the Troll Warper began the quest for the Orb.
     0 | D:1      | Reached XP level 1. HP: 19/19 MP: 1/1
    48 | D:1      | Reached XP level 2. HP: 27/27 MP: 3/3
   333 | D:1      | Reached XP level 3. HP: 32/35 MP: 4/4
   776 | D:2      | Reached skill level 3 in Unarmed Combat
   776 | D:2      | Reached XP level 4. HP: 37/44 MP: 5/5
   960 | D:2      | Noticed Natasha
   974 | D:2      | Killed Natasha
  1054 | D:2      | Reached XP level 5. HP: 8/53 MP: 6/6
  1167 | D:2      | Noticed an ogre
  1194 | D:2      | Killed an ogre
  1195 | D:2      | Reached skill level 4 in Unarmed Combat
  1345 | D:2      | Noticed Natasha
  1353 | D:2      | Killed Natasha
  1429 | D:2      | Reached XP level 6. HP: 61/61 MP: 7/7
  1437 | D:2      | Noticed Natasha
  1443 | D:2      | Killed Natasha
  2053 | D:3      | Found a radiant altar of Vehumet.
  2368 | D:4      | Reached skill level 5 in Unarmed Combat
  2417 | D:4      | Reached XP level 7. HP: 53/71 MP: 8/8
  2623 | D:4      | Noticed Edmund
  2658 | D:4      | Killed Edmund
  2823 | D:4      | Reached skill level 6 in Unarmed Combat
  3119 | D:5      | Entered Level 5 of the Dungeon
  3123 | D:5      | Reached skill level 5 in Fighting
  3212 | D:5      | Noticed nightchill's ghost (novice MfGl)
  3213 | D:5      | Found a transporter.
  3218 | D:5      | Found a transporter.
  3244 | D:5      | Reached XP level 8. HP: 72/81 MP: 9/9
  3261 | D:5      | Found a sand-covered staircase.
  3281 | D:5      | Reached skill level 7 in Unarmed Combat
  3296 | Ossuary  | Entered an ossuary
  3802 | D:5      | Got a clouded brass amulet
  4309 | D:6      | Found a staircase to the Ecumenical Temple.
  4321 | D:6      | You fall into a shaft and drop 2 floors!
  4362 | D:8      | Reached skill level 8 in Unarmed Combat
  4365 | D:8      | Found a shimmering blue altar of Sif Muna.
  4375 | D:8      | You fall into a shaft and drop 2 floors!
  4375 | D:10     | Entered Level 10 of the Dungeon
  4583 | D:8      | Reached XP level 9. HP: 85/93 MP: 10/10
  4730 | D:8      | Noticed a two-headed ogre
  4736 | D:8      | HP: 3/93 [two-headed ogre/+0 giant spiked club (22)]
  4737 | D:8      | Mangled by a two-headed ogre

Illustrated notes

Levels and vault maps discovered:
D:1:      lemuel_arrival_lava_pool, layout_basic
D:2:      layout_basic, uniq_natasha
D:3:      layout_rooms, lemuel_round_altar
D:4:      layout_rooms, minmay_misc_feat_rugged, uniq_edmund
D:5:      layout_loops_ring, nicolae_ossuary_entry_monument,
          gammafunk_ghost_arena
D:6:      layout_basic, cheibriados_altar_1, minmay_temple_entry_offerings,
          gammafunk_ghost_arena
D:8:      layout_cave_pools, nicolae_overflow_crystal_walls, erik_lair_island
D:9:      layout_roguey, old_standard_altar, kennysheep_mini, serial_shops,
          nicolae_shop_crystal, minivault_23, uniq_maggie, uniq_psyche
D:10:     layout_roguey, serial_glass, glass_columns_a, glass_columns_a,
          due_unseen_surprise, feat_on_display, minmay_strange_pillars,
          minmay_strange_pillars, chequers_serial_rivers_small_3

Skill      XL: |  1  2  3  4  5  6  7  8 |
---------------+-------------------------+-----
Dodging        | 2 |  2.3
Fighting       | 2 3 4 5 7 |  7.3
Unarmed Combat | 3 4 5 6 8 |  8.8
Throwing       | |  0.8
Spellcasting   | |  1.4
Translocations | |  2.2

Action                   |  1- 3 |  4- 6 |  7- 9 || total
-------------------------+-------+-------+-------++-------
Melee: Unarmed           |    85 |   201 |   300 ||   586
       Punch             |     1 |     1 |     9 ||    11
Throw: Stone             |       |     6 |    18 ||    24
       Boomerang         |       |     1 |     1 ||     2
       Dart              |       |       |     8 ||     8
  Use: Scroll            |       |     4 |     3 ||     7
Armor: Robe              |    40 |    67 |   122 ||   229
Dodge: Dodged            |    46 |   100 |   148 ||   294
